 Dungeon Crawl Stone Soup version 0.31.0-32-g396128a36d (webtiles) character file.

Game seed: 9647509295946215483

424 PaiMei the Grave Robber (level 6, -1/44 HPs)
             Began as a Demonspawn Necromancer on Apr 25, 2024.
             Slain by a white imp (3 damage)
             ... summoned by Eustachio
             ... on level 4 of the Dungeon.
             The game lasted 00:04:34 (3342 turns).

PaiMei the Grave Robber (Demonspawn Necromancer)    Turns: 3342, Time: 00:04:35

Health: -1/44      AC:  4    Str:  8      XL:     6   Next: 64%
Magic:  0/11       EV: 12    Int: 18      God:
Gold:   212        SH:  4    Dex: 11 (13) Spells: 4/12 levels left

rFire   . . .        u - +1 short sword (speed)
rCold   . . .        (no shield)
rNeg    . . .        o - +2 robe of Xom's Condemnation {rPois Will+}
rPois   +            (no helmet)
rElec   .            (no cloak)
rCorr   .            (no gloves)
SInv    .            (no boots)
Will    +....        (no amulet)
Stlth   ++           (no ring)
HPRegen 0.27/turn    (no ring)
MPRegen 0.24/turn

%: guardian spirit
@: no status effects
A: magic shield, magic regeneration, sturdy frame 1, condensation shield
a: no special abilities


You were on level 4 of the Dungeon.
You visited 1 branch of the dungeon, and saw 4 of its levels.

You collected 212 gold pieces.

Inventory:

Hand Weapons
 e - a +0 mace
 u - a +1 short sword of speed (weapon)
Missiles
 r - 2 poisoned darts (quivered)
Armour
 a - a +0 robe
 o - the +2 robe of Xom's Condemnation (worn) {rPois Will+}
   (You found it on level 2 of the Dungeon)

   rPois:     It protects you from poison Will+: It increases your willpower.
Wands
 n - a wand of charming (15)
Scrolls
 d - 2 scrolls of teleportation {unknown}
 g - a scroll of enchant armour {unknown}
 h - 3 scrolls of identify {unknown}
 p - a scroll of fear {unknown}
 s - a scroll of amnesia {unknown}
Potions
 b - a potion of magic
 c - a potion of degeneration {unknown}
 f - 2 potions of brilliance {unknown}
 i - a potion of mutation {unknown}
 j - a potion of haste {unknown}
 k - a potion of lignification {unknown}
 l - 3 potions of invisibility {unknown}
 m - 3 potions of curing {unknown}
 q - a potion of berserk rage {unknown}
 t - a potion of enlightenment {unknown}
 v - a potion of heal wounds {unknown}


   Skills:
 + Level 2.0 Fighting
 + Level 3.5 Dodging
 - Level 3.0 Stealth
 + Level 3.6 Spellcasting
 + Level 5.8 Necromancy


You had 4 spell levels left.
You knew the following spells:

 Your Spells              Type           Power      Damage    Failure   Level
a - Necrotise             Necr           96%        1d8       1%          1
b - Vampiric Draining     Necr           24%        2d7       4%          3
c - Animate Dead          Necr           24%        N/A       14%         4

Your spell library contained the following spells:

 Spells                   Type           Power      Damage    Failure   Level
 Lesser Beckoning         Tloc           6%         N/A       24%         2
 Gell's Gravitas          Tloc           3%         N/A       43%         3
 Teleport Other           Tloc           3%         N/A       43%         3
 Curse of Agony           Necr           24%        N/A       36%         5


Dungeon Overview and Level Annotations

Branches:
Dungeon (4/15)
 Temple: D:4-7

Altars:

Annotations:
D:4 Eustachio


Innate Abilities, Weirdness & Mutations

When hurt, damage is shared between your health and your magic reserves.
You regenerate magic rapidly.
Your movements are slightly less encumbered by armour. (ER -2)
A meltable shield of frost defends you. (SH +4)


Message History

Eustachio is severely wounded.
The quasit barely misses you. You block the quasit's attack.
The quasit misses you. The white imp closely misses you.
You closely miss Eustachio.
Eustachio is severely wounded.
The quasit closely misses you. The quasit claws you. The quasit misses you.
Eustachio casts a spell.
Eustachio blinks!
Casting: Vampiric Draining (dangerous; 4% risk of failure)
Confirm with . or Enter, or press ? or * to list all spells.
Aiming: Necrotise (safe; 1% risk of failure)
Press: ? - help, Shift-Dir - straight line, f/p - Eustachio
Aim: Eustachio, wielding a +0 rapier and wearing a +0 leather armour (severely wounded, chance to affect: 83%) Eustachio barely resists.
You block the quasit's attack. The quasit barely misses you.
The quasit claws you but does no damage.
The white imp gestures at you. The puff of frost hits you.
Eustachio gestures wildly while chanting.
Eustachio blinks!
Casting: Necrotise (safe; 1% risk of failure)
Confirm with . or Enter, or press ? or * to list all spells.
You don't have enough magic to cast this spell.
Casting: Necrotise (safe; 1% risk of failure)
Confirm with . or Enter, or press ? or * to list all spells.
You don't have enough magic to cast this spell.
You hit the endoplasm.
The endoplasm is lightly wounded.
The quasit closely misses you. The quasit misses you.
The quasit claws you but does no damage.
The white imp gestures at you. The puff of frost hits you!
* * * LOW HITPOINT WARNING * * *
The endoplasm freezes you.
You are frozen.
* * * LOW HITPOINT WARNING * * *
The white imp hits you.
* * * LOW HITPOINT WARNING * * *
The white imp freezes you.
You die...

#......# ##$.....$ .........
#......# #......##############
#...@..##...##......#
##....J.#....'.......#
#.....55#....#..^....#
##.....@##...#.......# .
#......##...#.......# #.
###+##...........#.......#
.##.##...##...........#.......#
.................##...##......#
.................##############
..<...............#
..................#
.........##########


You could see Eustachio, a quasit (summoned), a white imp (summoned) and an
endoplasm.

Vanquished Creatures
  A black bear (D:4)
  4 orc priests
  Ijyb (D:3)
  2 orc wizards (D:3)
  5 adders
  A ribbon worm (D:2)
  8 orcs
  5 ball pythons
  5 endoplasms
  5 giant cockroaches
  5 goblins
  13 hobgoblins
  7 jackals
  2 quokkas
  5 bats
  6 frilled lizards
  7 rats
82 creatures vanquished.

Vanquished Creatures (collateral kills)
  An orc (D:3)
  A ball python (D:3)
  A goblin (D:2)
  A rat (D:1)
4 creatures vanquished.

Grand Total: 86 creatures vanquished

Notes
Turn   | Place    | Note
-------+----------+-------------------------------------------
     0 | D:1      | PaiMei the Demonspawn Necromancer began the quest for the
                  | Orb.
     0 | D:1      | Reached XP level 1. HP: 13/13 MP: 3/3
   256 | D:1      | Gained mutation: A meltable shield of frost defends you.
                  | (SH +4) [demonic ancestry]
   256 | D:1      | Reached XP level 2. HP: 19/19 MP: 3/5
   522 | D:1      | Found a faded altar of an unknown god.
   522 | D:1      | Noticed a sixfirhy
  1104 | D:2      | Reached XP level 3. HP: 24/24 MP: 2/6
  1637 | D:2      | Identified the +2 robe of Xom's Condemnation {rPois Will+}
  1715 | D:2      | Gained mutation: You regenerate magic rapidly. [demonic
                  | ancestry]
  1715 | D:2      | Reached XP level 4. HP: 27/30 MP: 3/7
  2257 | D:3      | Noticed Ijyb
  2465 | D:3      | Reached skill level 5 in Necromancy
  2499 | D:3      | Killed Ijyb
  2500 | D:3      | Gained mutation: Your movements are slightly less
                  | encumbered by armour. (ER -2) [demonic ancestry]
  2500 | D:3      | Reached XP level 5. HP: 28/35 MP: 0/9
  2594 | D:3      | Learned a level 3 spell: Vampiric Draining
  2599 | D:3      | Learned a level 4 spell: Animate Dead
  2774 | D:3      | Reached skill level 1 in Fighting
  2881 | D:3      | Gained mutation: When hurt, damage is shared between your
                  | health and your magic reserves. [demonic ancestry]
  2881 | D:3      | Reached XP level 6. HP: 43/43 MP: 5/10
  3324 | D:4      | Noticed Eustachio
  3342 | D:4      | HP: 2/44 [white imp[Eustachio] (4)]
  3342 | D:4      | Slain by a white imp

Illustrated notes

Levels and vault maps discovered:
D:1:      lemuel_arrival_river_ford, layout_basic,
          dreamdust_ecumenical_altar_sealed_demon, chequers_decorated_corner
D:2:      layout_loops_ring
D:3:      layout_rooms, chequers_serial_rivers_small_b, uniq_ijyb
D:4:      layout_gridville, nicolae_tso_swordbearing_angel, uniq_eustachio

Skill      XL: |  1  2  3  4  5  6 |
---------------+-------------------+-----
Stealth        | 2 3 |  3.0
Dodging        | 2 3 |  3.5
Necromancy     | 5 |  5.8
Spellcasting   | 3 |  3.6
Fighting       | 1 2 |  2.0

Action                     |  1- 3 |  4- 6 || total
---------------------------+-------+-------++-------
  Melee: Unarmed           |     5 |       ||     5
         Mace              |    14 |    20 ||    34
         Short sword       |       |     9 ||     9
   Cast: Necrotise         |    69 |    95 ||   164
         Vampiric Draining |       |     5 ||     5
 Armour: Robe              |    23 |    51 ||    74
  Dodge: Dodged            |    31 |    56 ||    87
  Block: Other             |     6 |    17 ||    23
